 Dungeon Crawl Stone Soup version 0.25-a0-558-g78a2afb0af (webtiles) character file.

Game seed: 3856038949553616948, levelgen mode: deterministic

130 surprisetrex the Firebug (level 5, -1/38 HPs)
             Began as a Hill Orc Fire Elementalist on Feb 24, 2020.
             Killed by divine providence
             ... invoked by an orc priest
              (10 damage)
             ... on level 3 of the Dungeon.
             The game lasted 00:11:18 (2263 turns).

surprisetrex the Firebug (HOFE)                     Turns: 2263, Time: 00:11:18

Health: -1/38      AC:  2    Str: 11    XL:     5   Next: 14%
Magic:  6/7        EV: 12    Int: 16    God:
Gold:   99         SH:  0    Dex: 11    Spells: 6/7 levels left

rFire    . . .     SeeInvis .   a - +0 hunting sling
rCold    . . .     Gourm    .   (no shield)
rNeg     . . .     Faith    .   f - +0 robe
rPois    .         Spirit   .   (no helmet)
rElec    .         Reflect  .   (no cloak)
rCorr    .         Harm     .   (no gloves)
MR       .....                  (no boots)
Stlth    ++........             d - amulet of regeneration
HPRegen  0.52/turn              (no ring)
MPRegen  0.10/turn              (no ring)

@: no status effects
A: no striking features
a: Convert to Beogh


You were on level 3 of the Dungeon.
You were not hungry.

You visited 1 branch of the dungeon, and saw 3 of its levels.

You collected 99 gold pieces.

Inventory:

Hand Weapons
 a - a +0 hunting sling (weapon)
 b - a +0 hand axe
Missiles
 e - 6 boomerangs
 g - 21 sling bullets (quivered)
 j - 97 stones
 p - 18 poisoned darts
Armour
 f - a +0 robe (worn)
Jewellery
 d - an amulet of regeneration (around neck)
 l - an uncursed amulet of rage
Scrolls
 h - 2 scrolls of remove curse {unknown}
 i - a scroll of teleportation {unknown}
 k - 4 scrolls of identify {unknown}
 o - a scroll of fog {unknown}
Potions
 n - 3 potions of heal wounds {unknown}
 q - a potion of curing {unknown}
Comestibles
 c - 7 rations
 m - 5 chunks of flesh


   Skills:
 - Level 1.5 Dodging
 - Level 1.5 Stealth
 - Level 1.5 Spellcasting
 - Level 1.0 Conjurations
 + Level 6.2 Fire Magic


You had 6 spell levels left.
You knew the following spells:

 Your Spells              Type           Power        Failure   Level  Hunger
a - Foxfire               Conj/Fire      ##..         4%          1    ##.....

Your spell library contained the following spells:

 Spells                   Type           Power        Failure   Level  Hunger
 Conjure Flame            Conj/Fire      ##......     14%         3    ####...
 Inner Flame              Hex/Fire       ##......     19%         3    ####...
 Sticky Flame             Conj/Fire      ##......     43%         4    #####..
 Fireball                 Conj/Fire      ##........   80%         5    ######.


Dungeon Overview and Level Annotations

Branches:
Dungeon (3/15)

Altars:
Sif Muna


Message History

The orc wizard seems to speed up.
The orc priest invokes the aid of Beogh against you.
Beogh smites you!
* * * LOW HITPOINT WARNING * * *
Casting: Foxfire (safe; 4% risk of failure)
Confirm with . or Enter, or press ? or * to list all spells.
You conjure some foxfire!
The foxfire hits the rat.
You kill the rat!
You see here a quokka skeleton.
The orc wizard casts a spell.
The orc wizard blinks!
Found a garnet ring.
The orc wizard hits you but does no damage.
The orc wizard points at you and mumbles some strange words.
The magic dart hits you!
* * * LOW HITPOINT WARNING * * *
The orc priest calls down the wrath of Beogh upon you.
Beogh smites you!
You die...

##..###..#.#
. ..
#.....÷o#.#
#.....÷.#.#
#.##.#..#.#
#....#..#.#
#.......#.
#.....o.#
#.......#
#######@#
#<# ###


You could see an orc priest and an orc wizard.

Vanquished Creatures
  Terence (D:1)
  3 adders
  3 worms (D:2)
  3 leopard geckos
  3 orcs (D:3)
  A giant cockroach (D:2)
  4 goblins
  3 hobgoblins
  9 jackals
  3 quokkas
  2 ball pythons (D:1)
  5 bats
  7 frilled lizards
  9 kobolds
  11 rats
67 creatures vanquished.

Vanquished Creatures (others)
  102 foxfires
102 creatures vanquished.

Grand Total: 169 creatures vanquished

Notes
Turn   | Place    | Note
-------+----------+-------------------------------------------
     0 | D:1      | surprisetrex the Hill Orc Fire Elementalist began the quest
                  | for the Orb.
     0 | D:1      | Reached XP level 1. HP: 14/14 MP: 3/3
   255 | D:1      | Reached XP level 2. HP: 20/20 MP: 2/4
   426 | D:1      | Reached skill level 4 in Fire Magic
  1006 | D:2      | Reached XP level 3. HP: 26/26 MP: 0/5
  1323 | D:2      | Reached skill level 5 in Fire Magic
  1508 | D:2      | Noticed Terence
  1575 | D:1      | Killed Terence
  1575 | D:1      | Reached XP level 4. HP: 33/33 MP: 2/6
  1979 | D:2      | Found a shimmering blue altar of Sif Muna.
  2128 | D:3      | Reached skill level 6 in Fire Magic
  2138 | D:3      | Reached XP level 5. HP: 31/38 MP: 1/7
  2263 | D:3      | Killed from afar by an orc priest

Levels and vault maps discovered:
D:1:      matt_arrival_grand_opening, layout_loops_ring, skrybe_limestone_x
D:2:      layout_rooms, first_ration, serial_park_tiny_1, led_sif_pool,
          uniq_terence
D:3:      lemuel_upstairs_altar, layout_basic, portal_sewer_entry_e

Skill      XL: |  1  2  3  4 |
---------------+-------------+-----
Fire Magic     | 4 5 6 |  6.2
Dodging        | |  1.5
Stealth        | |  1.5
Spellcasting   | |  1.5
Conjurations   | |  1.0

Action                   |  1- 3 |  4- 6 || total
-------------------------+-------+-------++-------
Melee: Unarmed           |    27 |       ||    27
 Fire: Hunting sling     |    33 |    52 ||    85
Throw: Boomerang         |     6 |       ||     6
 Cast: Foxfire           |    53 |    17 ||    70
  Eat: Chunk             |     3 |     3 ||     6
Armor: Robe              |    15 |     1 ||    16
Dodge: Dodged            |    48 |     9 ||    57

Table legend:
 A = Non-vault XP
 B = Vault XP
 C = Vault XP percentage of total XP
 D = Non-vault monster count
 E = Vault monster count
 F = Vault count percentage of total count
                 A         B        C        D         E       F
            +---------+---------+-------+---------+---------+-------
      Total |     151 |      36 |  19.3 |      66 |       1 |   1.5
            +---------+---------+-------+---------+---------+-------
        D:1 |      24 |      36 |  60.0 |      19 |       1 |   5.0
        D:2 |      74 |       0 |   0.0 |      33 |       0 |   0.0
        D:3 |      53 |       0 |   0.0 |      14 |       0 |   0.0
            +---------+---------+-------+---------+---------+-------
